Construct Section Command Post
Construct Field Infirmary
Selects Air and Sea Battlegroup
Construct Platoon Command Post
Selects Commando Section Paradrop
Commando Section Paradrop
6-pounder Anti-tank Gun Team
Unlock M3 Stuart Light Tanks
Construct Company Command Post
Unlock Towed 17-pounder Anti-tank Guns
Selects Centaur Medium Tank
17-pounder Anti-tank Gun Team
Selects Naval Bombardment
Unlock M3 Grant Medium Tanks
Commando Section Paradrop
Selects M1 Pack Howitzer Paradrop